 Adventure DCSS version bcrawl-1.19-7-g22fd707d3b (webtiles) character file.

Game seed: 3334414711122356420

390 Leeroy the Carver (level 6, -3/37 HPs)
             Began as a Skeleton Reaver on Nov 17, 2019.
             Was a Believer of Vehumet.
             Slain by an orc
             ... wielding the +6 short sword of Extinguishment {venom, MR- Dex+2 Stlth+}
              (4 damage)
             ... on level 5 of the Dungeon.
             The game lasted 00:13:40 (6619 turns).

Leeroy the Carver (Skeleton Reaver)                 Turns: 6619, Time: 00:13:41

Health: -3/37      AC:  5    Str: 16 (17) XL:     6   Next: 50%
Magic:  0/10       EV: 12    Int: 11 (13) God:    Vehumet [**....]
Gold:   344        SH:  0    Dex:  6 (9)  Spells: 1/11 levels left
                                        Lives:  0   Deaths: 2

rFire    . . .     SeeInvis .   v - +5 flail (drain)
rCold    + . .     Gourm    .   (no shield)
rNeg     + + +     Faith    .   b - +0 steam dragon scales
rPois    ∞         Spirit   +   (no helmet)
rElec    .         Reflect  .   (no cloak)
rCorr    .         Harm     .   (no gloves)
MR       .....                  (no boots)
Stlth    ++++......             (no amulet)
HPRegen  0.12/turn              n - ring of stealth
MPRegen  0.12/turn              (no ring)

@: no status effects
A: no food or potions, cold resistance 1, deterioration 1, negative energy
resistance 3, powered by death 1, torment resistance, unbreathing, magic shield,
sturdy frame 1, spell healing
a: Renounce Religion


You were on level 5 of the Dungeon.
You worshipped Vehumet.
Vehumet was pleased with you.
You were not hungry.

You visited 1 branch of the dungeon, and saw 5 of its levels.

You collected 344 gold pieces.

Inventory:

Hand Weapons
 a - a +1 long sword
 k - a +0 dagger
 o - a +0 morningstar
 q - a +0 dagger
 r - a +0 blowgun
 s - a +0 morningstar
 v - a +5 flail of draining (weapon)
Missiles
 e - 1577 stones (quivered)
 g - 34 needles of frenzy
 i - 117 poisoned needles
 t - 60 tomahawks
Armour
 b - +0 steam dragon scales (worn)
 j - a +2 robe of positive energy
Magical Staves
 p - an uncursed staff of wizardry
Jewellery
 n - a ring of stealth (left hand)
Scrolls
 c - 2 scrolls of immolation
 d - 5 scrolls of remove curse
 f - 5 scrolls of identify
 h - 4 scrolls of enchant weapon
 l - a scroll of teleportation
 m - a scroll of amnesia
 u - a scroll of enchant armour


   Skills:
 - Level 3.0 Fighting
 + Level 9.5 Long Blades
 - Level 3.0 Dodging
 - Level 5.3 Stealth
 - Level 3.0 Spellcasting


You had one spell level left.
You knew the following spells:

 Your Spells              Type           Power        Failure   Level  Hunger
a - Magic Dart            Conj           #...         7%          1    N/A
b - Freeze                Ice            #.....       7%          1    N/A
c - Iskenderun's Battles  Conj/Chrm      #.......     85%         5    N/A
d - Conjure Flame         Conj/Fire      #.......     21%         3    N/A

Your spell library contained the following spells:

 Spells                   Type           Power        Failure   Level  Hunger


Dungeon Overview and Level Annotations

Branches:
Dungeon (5/12)
 Temple: D:4-7

Altars:
Elyvilon
Fedhas
Nemelex Xobeh
Okawaru
Sif Muna
Trog
Vehumet
Xom
The Shining One


Innate Abilities, Weirdness & Mutations

You do not eat or drink.
You are immune to poison.
Your flesh is cold resistant. (rC+)
Your body sometimes deteriorates upon taking damage.
You are immune to negative energy. (rN+++)
You regenerate a little health from kills.
You are immune to unholy pain and torment.
You can survive without breathing.
When hurt, damage is shared between your health and your magic reserves.
Your movements are slightly less encumbered by armour. (ER -2)
Casting spells heals you.


Message History

You hit the wyvern zombie.
The wyvern zombie is heavily damaged.
The wyvern zombie bites you but does no damage.
The orc barely misses you. The wyvern zombie bites you.
* * * LOW HITPOINT WARNING * * *
You hit the wyvern zombie.
The wyvern zombie is severely damaged.
The wyvern zombie bites you but does no damage.
The orc hits you with the +6 short sword of Extinguishment {venom, MR- Dex+2 Stlth+}.
* * * LOW HITPOINT WARNING * * *
You sock the wyvern zombie!
The wyvern zombie is almost destroyed.
The wyvern zombie bites you but does no damage.
The orc hits you with the +6 short sword of Extinguishment {venom, MR- Dex+2 Stlth+}!
* * * LOW HITPOINT WARNING * * *
Your body deteriorates!
You feel clumsy. The wyvern zombie bites you.
* * * LOW HITPOINT WARNING * * *
The orc hits you with the +6 short sword of Extinguishment {venom, MR- Dex+2 Stlth+}.
You die...

)...##....###.####..### #.###...#
....##................###..#....#
..#...#........................##
.##...............#...........##
.##...............#.......##...#
..#.#.................<.......##
....#.........................#
..............)...............#
#....##........Z@..[.........##
...#. #.#####.#o......##...### ..
.> #.#.......###..## .#
.#..........##....# .#
.......#^..####..## ..
#...#####..## #### ..
##.#####...## .###........<..# .
..#............##


You could see an orc and a wyvern zombie.

Vanquished Creatures
  A phantom (D:5)
  A centaur (D:5)
  A wight (D:5)
  A howler monkey (D:4)
  3 crimson imps
  A bullfrog skeleton (D:5)
  2 hounds
  2 orc priests
  An iguana (D:5)
  A worker ant (D:5)
  5 orc wizards
  A howler monkey zombie (D:5)
  2 adders (D:3)
  2 worms
  2 dart slugs
  4 leopard geckos
  22 orcs
  2 bats
  2 giant cockroaches
  8 goblins
  3 hobgoblins
  14 jackals
  3 quokkas
  3 frilled lizards
  8 kobolds
  6 rats
101 creatures vanquished.

Notes
Turn   | Place    | Note
-------+----------+-------------------------------------------
     0 | D:1      | Leeroy the Skeleton Reaver began the quest for the Orb.
     0 | D:1      | Reached XP level 1. HP: 14/14 MP: 4/4
    20 | D:1      | Reached skill level 4 in Long Blades
   251 | D:1      | Reached XP level 2. HP: 13/19 MP: 6/6
   751 | D:1      | Reached skill level 5 in Long Blades
   752 | D:1      | Reached * piety under Vehumet
   752 | D:1      | Offered knowledge of Magic Dart by Vehumet.
   755 | D:1      | Learned a level 1 spell: Magic Dart
  1112 | D:1      | Reached XP level 3. HP: 23/23 MP: 7/7
  1711 | D:2      | Found a blossoming altar of Fedhas.
  1712 | D:2      | Found an iron altar of Okawaru.
  1712 | D:2      | Found a shimmering altar of Xom.
  1735 | D:2      | Found a glowing golden altar of the Shining One.
  2396 | D:3      | Found a bloodstained altar of Trog.
  2696 | D:3      | Reached skill level 6 in Long Blades
  2696 | D:3      | Reached XP level 4. HP: 25/28 MP: 8/8
  2973 | D:3      | Offered knowledge of Freeze by Vehumet.
  3486 | D:3      | Reached XP level 5. HP: 32/32 MP: 9/9
  3539 | D:3      | Reached skill level 7 in Long Blades
  3730 | D:3      | Reached ** piety under Vehumet
  3873 | D:3      | Reached skill level 1 in Stealth
  4128 | D:3      | Found a shimmering blue altar of Sif Muna.
  4527 | D:4      | Gained mutation: You regenerate a little health from kills.
                  | [Skeleton growth]
  4527 | D:4      | Reached XP level 6. HP: 24/37 MP: 6/10
  4652 | D:4      | Found a radiant altar of Vehumet.
  4653 | D:4      | Found a white marble altar of Elyvilon.
  4940 | D:5      | Entered Level 5 of the Dungeon
  5037 | D:5      | Found a sparkling altar of Nemelex Xobeh.
  5152 | D:5      | Reached skill level 5 in Stealth
  5226 | D:5      | Reached XP level 7. HP: 20/41 MP: 9/11
  5367 | D:5      | Slain by an iguana
  5368 | D:5      | Reached XP level 6. HP: -3/37 MP: 0/10
  5523 | D:5      | Learned a level 1 spell: Freeze
  5529 | D:5      | Learned a level 5 spell: Iskenderun's Battlesphere
  5554 | D:4      | Reached skill level 8 in Long Blades
  5580 | D:4      | Offered knowledge of Conjure Flame by Vehumet.
  5585 | D:4      | Learned a level 3 spell: Conjure Flame
  5963 | D:5      | Identified the +6 short sword of Extinguishment {venom, MR-
                  | Dex+2 Stlth+}
  5975 | D:5      | HP: 1/37 [orc wizard/magic dart (5)]
  6001 | D:5      | HP: 1/37 [hound (2)]
  6002 | D:5      | Slain by an orc
  6003 | D:5      | Reached XP level 5. HP: -5/32 MP: 0/9
  6034 | D:4      | Reached XP level 6. HP: 24/37 MP: 4/10
  6466 | D:4      | Reached skill level 9 in Long Blades
  6619 | D:5      | HP: 1/37 [wyvern zombie (2)]
  6619 | D:5      | Slain by an orc

Skill      XL: |  1  2  3  4  5  6 |
---------------+-------------------+-----
Long Blades    | 4 5 6 7 9 |  9.5
Stealth        | 3 5 |  5.3
Fighting       | |  3.0
Dodging        | |  3.0
Spellcasting   | |  3.0

Action                   |  1- 3 |  4- 6 |  7- 9 || total
-------------------------+-------+-------+-------++-------
Melee: Long sword        |   126 |   251 |    18 ||   395
       Morningstar       |    18 |    54 |       ||    72
       Flail             |       |    16 |       ||    16
       Dagger            |       |     2 |       ||     2
 Cast: Magic Dart        |       |    20 |       ||    20
  Use: Scroll            |       |     8 |     3 ||    11
 Stab: Sleeping          |       |     1 |       ||     1
Armor: Steam dragon scal |    48 |   106 |     3 ||   157
Dodge: Dodged            |   106 |   185 |     6 ||   297
Block: Other             |     1 |     7 |       ||     8
